 Dungeon Crawl Stone Soup version 0.31-a0-702-gf82c85558f (webtiles) character file.

Game seed: 9538098051544958647

7420 cforsyth the Fighter (level 11, -6/71 HPs)
             Began as a Djinni Chaos Knight on Sept 8, 2023.
             Was a Follower of Hepliaklqana.
             Mangled by a yak (12 damage)
             ... summoned by an orange crystal statue
             ... on level 9 of the Dungeon.
             The game lasted 00:20:49 (13255 turns).

cforsyth the Fighter (Djinni Chaos Knight)         Turns: 13255, Time: 00:20:50

Health: -6/71      AC: 10    Str: 23    XL:     11   Next: 36%
Gold:   377        EV: 12    Int: 22    God:    Hepliaklqana [*.....] SH:  9 Dex: 14

rFire   + + .        c - +2 whip (elec)
rCold   x . .        (no shield)
rNeg    . . .        v - +5 leather armour "Fenuluqi" {Str+7}
rPois   ∞            n - +0 helmet
rElec   .            I - +0 cloak
rCorr   +            l - +0 pair of gloves
SInv    .            (boots unavailable)
Will    +....        j - amulet of reflection
Stlth   ++           t - +6 ring of strength
HPRegen 0.31/turn    B - ring of resist corrosion
MPRegen 0.00/turn

%: reflection, infuse magic (-7 HP)
@: flying
A: reduced essence, sickness immunity, fire resistance 2, cold vulnerability 1,
float, innate caster, HP casting, extra vitality 1, large bone plates 1, thin
skeletal structure 1, clever 1, deformed body, frail 1, inability to drink after
injury 1, MP-powered wands
a: Renounce Religion, Recall Ancestor, Ancestor Identity


You were on level 9 of the Dungeon.
You worshipped Hepliaklqana.
Hepliaklqana was aware of your devotion.
You visited 2 branches of the dungeon, and saw 10 of its levels.
You also visited: Sewer.

You collected 552 gold pieces.
You spent 175 gold pieces at shops.

Inventory:

Hand Weapons
 a - a +1 falchion of chaos
 c - a +2 whip of electrocution (weapon)
 z - a +4 falchion
Armour
 l - a +0 pair of gloves (worn)
 n - a +0 helmet (worn)
 v - the +5 leather armour "Fenuluqi" (worn) {Str+7}
   (You bought it in a shop on level 6 of the Dungeon)

   Str+7:     It affects your strength (+7).
 I - a +0 cloak (worn)
Jewellery
 j - an amulet of reflection (around neck)
 t - a +6 ring of strength (left hand)
 B - a ring of resist corrosion (right hand)
 J - a ring of see invisible
Wands
 h - a wand of mindburst (3)
 y - a wand of digging (2)
 C - a wand of charming (12)
 F - a wand of light (7)
 H - a wand of flame (29)
Scrolls
 b - 3 scrolls of vulnerability {unknown}
 f - 2 scrolls of immolation
 g - 8 scrolls of teleportation
 r - 2 scrolls of revelation
 s - 2 scrolls of identify
 u - a scroll of fog {unknown}
 x - a scroll of fear {unknown}
 E - a scroll of blinking {unknown}
Potions
 d - 4 potions of enlightenment
 e - 3 potions of might {unknown}
 i - 3 potions of attraction
 k - 3 potions of haste
 m - 6 potions of curing {unknown}
 o - 4 potions of brilliance {unknown}
 p - 2 potions of degeneration {unknown}
 q - 2 potions of heal wounds {unknown}
 w - a potion of lignification {unknown}
 A - 2 potions of invisibility {unknown}
 D - a potion of mutation {unknown}
 G - a potion of resistance {unknown}


   Skills:
 + Level 12.1 Fighting
 - Level 3.1 Long Blades
 - Level 2.0 Armour
 - Level 3.0 Dodging
 + Level 8.7 Spellcasting
 + Level 8.7 Conjurations
 + Level 8.7 Hexes
   Level 0.0 Charms
 + Level 8.7 Summonings
 + Level 8.7 Necromancy
 + Level 8.7 Translocations
 + Level 8.7 Transmutations
 + Level 8.7 Fire Magic
 + Level 8.7 Ice Magic
 + Level 8.7 Air Magic
 + Level 8.7 Earth Magic
 + Level 8.7 Poison Magic


You knew the following spells:

 Your Spells              Type           Power      Damage    Failure   Level
a - Summon Small Mammal   Summ           100%       N/A       1%          1
b - Wereblood             Tmut           48%        N/A       1%          2
c - Inner Flame           Hex/Fire       48%        N/A       1%          3
d - Ignite Poison         Fire/Tmut/Pois 48%        N/A       1%          3
e - Metabolic Englaciati  Hex/Ice        24%        N/A       6%          5
Your spell library was empty.

Dungeon Overview and Level Annotations

Branches:
Dungeon (9/15)             Temple (1/1) D:6           Sewer (visited)
   Lair: D:8-11         Orc: D:9-12

Altars:
Ashenzari
Dithmenos
Elyvilon
Fedhas
Gozag
Hepliaklqana
Makhleb
Nemelex Xobeh
Qazlal
Ru
Trog
Uskayaw
Wu Jian
Xom
Yredelemnul
Zin
The Shining One

Shops:
D:3 !   D:6 [

Annotations:
D:3 Robin
D:9 exclusion: orange crystal statue


Innate Abilities, Weirdness & Mutations

Your life essence is reduced to manifest your ancestor. (-10% HP)
You are immune to sickness and miasma.
You are immune to poison.
Your flesh is very heat resistant. (rF++)
You are vulnerable to cold. (rC-)
You float through the air rather than walking.
You learn spells naturally, not from books.
Your magical power is your life essence.
You have superior vitality. (+4 MHP)
You are partially covered in large bone plates. (SH +4)
You have a somewhat thin skeletal structure. (Dex +2, Stealth+)
Your mind is acute. (Int +4, Str/Dex -1)
Armour fits poorly on your strangely shaped body.
You are frail. (-10% HP)
You occasionally lose the ability to drink potions when taking damage.
You expend health (3 HP) to strengthen your wands.


Message History

Items here: ))) [ †††.
You hit the yak.
The yak is lightly wounded.
The yak gores you! The yak closely misses you. The yak barely misses you.
You hit the yak.
The yak is lightly wounded.
The yak gores you. x2; The yak misses you.
The yak gores you.
You hit the yak. Lightning courses through the yak!
The yak is severely wounded.
You block the yak's attack. The yak gores you but does no damage.
The yak gores you! The yak gores you but does no damage. The yak gores you!
You are too injured to fight recklessly!
You are too injured to fight recklessly!
You are too injured to fight recklessly!
You are too injured to fight recklessly!
You are too injured to fight recklessly!
You are too injured to fight recklessly!
You hit the yak but do no damage. The yak gores you.
You block the yak's attack. The yak gores you.
Xom's power touches on a nearby monster.
The yak suddenly seems more resistant.
The yak gores you. You block the yak's attack.
The yak gores you but does no damage. The yak attacks as it pursues you!
The yak closely misses you. The yak attacks as it pursues you!
The yak barely misses you. The yak attacks as it pursues you!
The yak gores you!
* * * LOW HITPOINT WARNING * * *
The yak attacks as it pursues you! The yak barely misses you.
The yak attacks as it pursues you! The yak gores you!
* * * LOW HITPOINT WARNING * * *
Casting: Inner Flame (safe; 1% risk of failure)
Confirm with . or Enter, or press ? or * to list all spells.
Okay, then.
Unknown command.
Casting: Inner Flame (safe; 1% risk of failure)
Confirm with . or Enter, or press ? or * to list all spells.
* * * LOW HITPOINT WARNING * * *
The yak gores you!
You die...
Xom howls with laughter!

# ############.......... .. ..
..................#... #.## #.
......###..##....##..
#..####.###................##.. #
#.#.....##............#)..##..
####..## #.....# #.#..8..........
..#....###....Y###...............
....#.......zYYY####..........##.
....)........###@######...#......
...##..8...)## #r.# ##...........
...)#.......# ##.###..#..######.
.###.......## #.....##.## #. ##
##......## #..#.....# #.
#......#.## #.###.#.##
#.####.#..# ##.##..##.# ## ##.###
#.#...## .# ### #.###..# #


You could see 4 yaks, a wight and a friendly quokka (summoned).

Vanquished Creatures
  Pikel (D:4)
  Joseph (D:7)
  An unseen horror zombie (D:9)
  A hornet (D:8)
  4 yaks
  2 wyverns (D:8)
  2 steam dragons
  2 acid dragons
  An ice beast (D:6)
  3 orc warriors
  A sky beast (D:6)
  A black bear (D:6)
  4 centaurs
  3 bullfrogs
  A gnoll sergeant (D:9)
  A scorpion (D:6)
  A wyvern zombie (D:9)
  16 wights
  5 killer bees (D:9)
  3 hounds
  4 centaur zombies (D:9)
  4 jellies
  A gnoll bouda (D:5)
  5 orc priests
  Crazy Yiuf (D:3)
  6 iguanas
  2 sleepcaps
  5 orc wizards
  Ijyb (D:3)
  A sickly merfolk siren (Sewer)
  A killer bee zombie (D:9)
  2 howler monkey zombies (D:9)
  10 adders
  3 gnolls
  2 river rats
  2 shadow imps
  3 white imps
  2 ufetubi (D:6)
  6 worms
  2 dart slugs
  42 orcs
  11 ball pythons
  10 endoplasms
  9 giant cockroaches
  15 goblins
  6 hobgoblins
  9 quokkas
  3 bats
  9 frilled lizards
  7 kobolds
  30 rats
268 creatures vanquished.

Vanquished Creatures (collateral kills)
  An unseen horror zombie (D:9)
  A yak (D:9)
  An ice beast (D:6)
  2 ogres (D:6)
  A centaur (D:9)
  A wyvern zombie (D:9)
  3 wights
  A killer bee (D:9)
  2 centaur zombies (D:9)
  An iguana (D:4)
  A sleepcap (D:4)
  An orc wizard (D:8)
  A malarious merfolk avatar (Sewer)
  A killer bee zombie (D:9)
  3 gnolls (D:4)
  3 orcs
  An endoplasm (D:3)
  A ball python (Sewer)
  A frilled lizard (Sewer)
  2 rats
29 creatures vanquished.

Vanquished Creatures (others)
  4 ancestors
4 creatures vanquished.

Grand Total: 301 creatures vanquished

Notes
Turn   | Place    | Note
-------+----------+-------------------------------------------
     0 | D:1      | cforsyth the Djinni Chaos Knight began the quest for the
                  | Orb.
     0 | D:1      | Reached XP level 1. HP: 20/20 MP: 0/0
    43 | D:1      | Reached XP level 2. HP: 25/25 MP: 0/0
   232 | D:1      | Reached XP level 3. HP: 18/30 MP: 0/0
   232 | D:1      | Learned a level 1 spell: Summon Small Mammal
   583 | D:2      | XOM: butterfly on damage
   646 | D:2      | XOM: silly message
  1043 | D:2      | Reached XP level 4. HP: 35/35 MP: 0/0
  1082 | D:2      | XOM: cloud trail
  1143 | D:2      | Found a faded altar of an unknown god.
  1566 | D:3      | Found a blossoming altar of Fedhas.
  1582 | D:3      | Noticed Ijyb
  1585 | D:3      | XOM: summons 4 friendly demons
  1594 | D:3      | Killed Ijyb
  1608 | D:3      | Found Coxoblinim's Distillery.
  1647 | D:3      | XOM: enchant monster (bad)
  1708 | D:3      | XOM: snakes to sticks
  1720 | D:3      | Reached XP level 5. HP: 24/41 MP: 0/0
  1720 | D:3      | Learned a level 2 spell: Wereblood
  1738 | D:3      | Found a glowing drain.
  1740 | D:3      | XOM: polymorph ball python -> rat
  1743 | D:3      | Reached skill level 1 in Spellcasting
  1743 | D:3      | Reached skill level 1 in Conjurations
  1743 | D:3      | Reached skill level 1 in Hexes
  1743 | D:3      | Reached skill level 1 in Summonings
  1743 | D:3      | Reached skill level 1 in Necromancy
  1743 | D:3      | Reached skill level 1 in Translocations
  1743 | D:3      | Reached skill level 1 in Transmutations
  1743 | D:3      | Reached skill level 1 in Fire Magic
  1743 | D:3      | Reached skill level 1 in Ice Magic
  1743 | D:3      | Reached skill level 1 in Air Magic
  1743 | D:3      | Reached skill level 1 in Earth Magic
  1743 | D:3      | Reached skill level 1 in Poison Magic
  1756 | Sewer    | Entered a sewer
  1875 | Sewer    | XOM: confuse monster(s)
  1879 | Sewer    | Reached skill level 4 in Fighting
  2091 | Sewer    | Reached XP level 6. HP: 45/48 MP: 0/0
  2095 | Sewer    | XOM: summons friendly white imp
  2190 | Sewer    | XOM: scenery: 1 doors close
  2192 | Sewer    | XOM: god gift: staff of fire
  2694 | D:3      | Found a runed translucent door.
  2695 | D:3      | Noticed Crazy Yiuf
  2715 | D:3      | Noticed an ogre
  2753 | D:3      | an ogre changed into an acid dragon
  2753 | D:3      | Noticed an acid dragon
  2753 | D:3      | XOM: polymorph ogre -> acid dragon
  2791 | D:2      | XOM: give mutations
  2791 | D:2      | Gained mutation: You are partially covered in iridescent
                  | scales. (AC +2) [Xom's grace]
  2791 | D:2      | Gained mutation: You are mostly covered in iridescent
                  | scales. (AC +4) [Xom's grace]
  2804 | D:2      | XOM: give mutation
  2804 | D:2      | Lost mutation: You are mostly covered in iridescent scales.
                  | (AC +4) [Xom's mischief]
  2985 | D:3      | XOM: give mutations
  2985 | D:3      | Gained mutation: You are frail. (-10% HP) [Xom's mischief]
  2985 | D:3      | Gained mutation: Your mind is acute. (Int +4, Str/Dex -1)
                  | [Xom's mischief]
  2985 | D:3      | Gained mutation: Armour fits poorly on your strangely
                  | shaped body. [Xom's mischief]
  3023 | D:4      | Found a shadowy altar of Dithmenos.
  3029 | D:4      | XOM: fog
  3134 | D:3      | Reached skill level 5 in Fighting
  3323 | D:3      | XOM: smoke on damage
  3404 | D:3      | XOM: silly message
  3432 | D:3      | Reached XP level 7. HP: 30/48 MP: 0/0
  3432 | D:3      | Learned a level 3 spell: Inner Flame
  3568 | D:3      | Noticed Robin
  3774 | D:3      | Found a hide-covered altar of Uskayaw.
  4131 | D:4      | XOM: scenery: 1 doors open
  4248 | D:4      | XOM: summons 5 friendly demons
  4631 | D:5      | Entered Level 5 of the Dungeon
  4704 | D:5      | Noticed Pikel
  4710 | D:5      | XOM: repel stairs
  4722 | D:4      | XOM: scenery: 1 doors open, 1 doors close
  4882 | D:5      | XOM: silly message
  4891 | D:4      | Killed Pikel
  4892 | D:4      | Reached skill level 6 in Fighting
  4892 | D:4      | Reached XP level 8. HP: 43/55 MP: 0/0
  5165 | D:5      | Reached skill level 7 in Fighting
  5577 | D:5      | Identified the +1 scale mail of Nihilism {-Cast Harm Will++
                  | Regen+}
  5807 | D:5      | Found a shimmering altar of Xom.
  6174 | D:5      | XOM: divination: detect creatures
  6259 | D:5      | XOM: scenery: create altars
  6285 | D:6      | Found Xogedd's Antique Armour Boutique.
  6292 | D:6      | Bought an encrusted leather armour for 175 gold pieces
  6292 | D:6      | Identified the +5 leather armour "Fenuluqi" {Str+7} (You
                  | bought it in a shop on level 6 of the Dungeon)
  6337 | D:6      | XOM: 7-stop teleportation journey
  6755 | D:6      | Found a staircase to the Ecumenical Temple.
  6789 | Temple   | Entered the Ecumenical Temple
  6811 | D:6      | Reached XP level 9. HP: 47/62 MP: 0/0
  6811 | D:6      | Learned a level 3 spell: Ignite Poison
  6872 | D:6      | XOM: summons friendly iron imp
  6882 | D:6      | Reached skill level 5 in Spellcasting
  6882 | D:6      | Reached skill level 5 in Conjurations
  6882 | D:6      | Reached skill level 5 in Hexes
  6882 | D:6      | Reached skill level 5 in Summonings
  6882 | D:6      | Reached skill level 5 in Necromancy
  6882 | D:6      | Reached skill level 5 in Translocations
  6882 | D:6      | Reached skill level 5 in Transmutations
  6882 | D:6      | Reached skill level 5 in Fire Magic
  6882 | D:6      | Reached skill level 5 in Ice Magic
  6882 | D:6      | Reached skill level 5 in Air Magic
  6882 | D:6      | Reached skill level 5 in Earth Magic
  6882 | D:6      | Reached skill level 5 in Poison Magic
  6889 | D:6      | Found a glowing golden altar of the Shining One.
  7014 | D:6      | XOM: god gift: potion of attraction
  7124 | D:6      | Reached skill level 8 in Fighting
  7398 | D:6      | XOM: give mutations
  7398 | D:6      | Gained mutation: You have a somewhat thin skeletal
                  | structure. (Dex +2, Stealth+) [Xom's grace]
  7398 | D:6      | Gained mutation: You are partially covered in large bone
                  | plates. (SH +4) [Xom's grace]
  7511 | D:6      | XOM: summons 8 friendly demons
  7515 | D:6      | Reached skill level 9 in Fighting
  7515 | D:6      | XOM: 1-stop teleportation journey
  7756 | D:6      | XOM: give mutation
  7756 | D:6      | Gained mutation: You expend health (3 HP) to strengthen
                  | your wands. [Xom's grace]
  7920 | D:6      | XOM: scenery: summon butterflies
  8012 | D:7      | Noticed Joseph
  8019 | D:7      | XOM: summons friendly crimson imp
  8029 | D:7      | Killed Joseph
  8174 | D:7      | Found a hazy altar of Hepliaklqana.
  8263 | D:7      | Fell from the grace of Xom
  8263 | D:7      | Became a worshipper of Hepliaklqana the Forgotten
  8340 | D:7      | Found an ornate altar of the Wu Jian Council.
  8419 | D:7      | Found a basalt altar of Yredelemnul.
  8446 | D:7      | Reached XP level 10. HP: 54/70 MP: 0/0
  9104 | D:8      | Reached skill level 10 in Fighting
 10002 | D:8      | XOM: swap monsters
 10084 | D:8      | Reached * piety under Hepliaklqana
 10124 | D:8      | XOM: give mutation
 10124 | D:8      | Lost mutation: You are partially covered in iridescent
                  | scales. (AC +2) [Xom's mischief]
 10325 | D:8      | Found a glowing silver altar of Zin.
 10844 | D:8      | Found a sparkling altar of Nemelex Xobeh.
 10853 | D:8      | Found a sacrificial altar of Ru.
 10918 | D:8      | Reached skill level 11 in Fighting
 11327 | D:8      | XOM: stat loss: -3 Int (19/22)
 11765 | D:3      | Killed Crazy Yiuf
 11932 | D:9      | Reached XP level 11. HP: 59/69 MP: 0/0
 11932 | D:9      | Learned a level 5 spell: Metabolic Englaciation
 12205 | D:9      | XOM: chaos upgrade
 12401 | D:9      | XOM: give mutation
 12401 | D:9      | Gained mutation: You occasionally lose the ability to drink
                  | potions when taking damage. [Xom's mischief]
 12482 | D:9      | XOM: 1-stop teleportation journey
 12623 | D:9      | Noticed an orange crystal statue
 12624 | D:9      | Noticed a deep elf pyromancer
 12712 | D:8      | XOM: god gift: book of Scorching
 12969 | D:9      | XOM: summons 4 hostile demons
 13004 | D:9      | Reached skill level 12 in Fighting
 13242 | D:9      | XOM: enchant monster (bad)
 13255 | D:9      | Mangled by a yak

Illustrated notes

Levels and vault maps discovered:
D:1:      ncdulo_wetmaze, layout_rooms, interstate_on_off, minivault_19
D:2:      minmay_door_path, layout_loops_ring,
          hellmonk_ecumenical_altar_pennies_from_heaven, minmay_misc_feat_tiny,
          chequers_serial_rivers_micro_a
D:3:      layout_basic, fedhas_ov_isle_minmay, mainiacjoe_overflow_alcove_1,
          serial_shops, shop, portal_sewer_entry_e, minmay_circle_x, uniq_robin,
          uniq_crazy_yiuf_cottage, uniq_ijyb
D:4:      layout_gridville, lemuel_tele_altar
D:5:      layout_basic, marbit_many_paths, serial_aquarium,
          aquarium_bridge_straight [aquarium_subvault_bridge,
          aquarium_subvault_wall, aquarium_subvault_bridge,
          aquarium_subvault_window], aquarium_bridge_square
          [aquarium_subvault_window, aquarium_subvault_wall,
          aquarium_subvault_bridge, aquarium_subvault_bridge],
          aquarium_window_fake, aquarium_window_2, aquarium_window_fake,
          aquarium_window_1, aquarium_view_2f, aquarium_view_2d,
          grunt_decor_clamped, uniq_pikel
D:6:      layout_rooms, kennysheep_mini_moat, minmay_temple_entry_glassed_door,
          serial_shops, shop, nzn_random_ring
D:7:      layout_loops_ring, mainiacjoe_overflow_small_starburst,
          nicolae_overflow_crystal_walls, nicolae_wu_jian_wuxing_cycle,
          mainiacjoe_overflow_paths, corexii_corridor_pit,
          nicolae_fountain_basement, uniq_joseph
D:8:      layout_basic, mainiacjoe_overflow_swirl, zin_scriptorium,
          kennysheep_generic_room_5
D:9:      minmay_the_grid_square_5x5_4x4 [minmay_the_grid_square_5x5_corner,
          minmay_the_grid_square_5x5_shrine2,
          minmay_the_grid_square_5x5_inner_i,
          minmay_the_grid_square_5x5_inner_z, minmay_the_grid_square_5x5_tie,
          minmay_the_grid_square_5x5_prize_junk,
          minmay_the_grid_square_5x5_prize_open, minmay_the_grid_square_5x5_n,
          minmay_the_grid_square_5x5_inner_v,
          minmay_the_grid_square_5x5_prize_pseudospiral,
          minmay_the_grid_square_5x5_prize_open,
          minmay_the_grid_square_5x5_spiral,
          minmay_the_grid_square_5x5_checkered_statues,
          minmay_the_grid_square_5x5_six_small, minmay_the_grid_square_5x5_two,
          minmay_the_grid_square_5x5_trominoes], layout_layer_cave,
          serial_undead, serial_undead_f, serial_undead_d, serial_undead_a,
          serial_undead_d, serial_undead_d, serial_undead_f, serial_undead_c,
          serial_undead_c, serial_undead_a, serial_undead_c, minivault_16,
          kennysheep_generic_room_16
Temple:   hellmonk_temple_two_chambers

Skill      XL: |  1  2  3  4  5  6  7  8  9 10 11 |
---------------+----------------------------------+-----
Long Blades    | 3 |  3.1
Armour         | 2 |  2.0
Dodging        | 3 |  3.0
Spellcasting   | 1 2 4 6 7 8 |  8.7
Conjurations   | 1 2 4 6 7 8 |  8.7
Hexes          | 1 2 4 6 7 8 |  8.7
Summonings     | 1 2 4 6 7 8 |  8.7
Necromancy     | 1 2 4 6 7 8 |  8.7
Translocations | 1 2 4 6 7 8 |  8.7
Transmutations | 1 2 4 6 7 8 |  8.7
Fire Magic     | 1 2 4 6 7 8 |  8.7
Ice Magic      | 1 2 4 6 7 8 |  8.7
Air Magic      | 1 2 4 6 7 8 |  8.7
Earth Magic    | 1 2 4 6 7 8 |  8.7
Poison Magic   | 1 2 4 6 7 8 |  8.7
Fighting       | 4 5 6 7 9 11 12 | 12.1

Action                     |  1- 3 |  4- 6 |  7- 9 | 10-12 || total
---------------------------+-------+-------+-------+-------++-------
  Melee: Falchion          |    94 |   278 |    52 |       ||   424
         Punch             |       |     1 |     2 |       ||     3
         Whip              |       |       |   181 |   352 ||   533
   Cast: Summon Small Mamm |       |     4 |     2 |     1 ||     7
         Inner Flame       |       |       |    16 |     6 ||    22
         Metabolic Englaci |       |       |       |     1 ||     1
 Invoke: Recall Ancestor   |       |       |       |     3 ||     3
  Evoke: Wand              |       |       |     2 |     5 ||     7
    Use: Scroll            |       |    11 |     1 |       ||    12
   Stab: Sleeping          |       |     1 |     2 |     3 ||     6
         Distracted        |       |     1 |     1 |     1 ||     3
         Confused          |       |     3 |       |     1 ||     4
         Paralysed         |       |     1 |     2 |       ||     3
 Armour: Leather armour    |    47 |   173 |   188 |   234 ||   642
  Dodge: Dodged            |    62 |   204 |   152 |   185 ||   603
  Block: Other             |       |       |    51 |   181 ||   232
         Reflection        |       |       |     4 |     5 ||     9

Table legend: (Time is in decaauts)
 A = Elapsed time spent in this place.
 B = Non-inter-level travel time spent in this place.
 C = Inter-level travel time spent in this place.
 D = Time resting spent in this place.
 E = Time spent auto-exploring this place.
 F = Levels seen in this place.
 G = Mean time per level.
                   A        B        C        D        E       F      G
               +--------+--------+--------+--------+--------+-----+--------+
         Total |  13388 |  12925 |    463 |   2330 |   7755 |  11 | 1217.1 |
       Dungeon |  12866 |  12403 |    463 |   2330 |   7447 |   9 | 1429.6 |
        Temple |      1 |      1 |      0 |      0 |      0 |   1 |    1.0 |
         Sewer |    520 |    520 |      0 |      0 |    308 |   1 |  520.0 |
               +--------+--------+--------+--------+--------+-----+--------+

Top non-repeatable levels by time:
     D:8: 1919 daAuts
     D:7: 1890 daAuts
     D:3: 1883 daAuts
     D:6: 1682 daAuts
     D:5: 1584 daAuts
     D:9: 1238 daAuts
     D:2: 1170 daAuts
     D:4: 917 daAuts
     D:1: 578 daAuts
   Sewer: 520 daAuts
  Temple: 1 daAuts
